Map: Frozen Temple

Players

Nickos

  • Race: Terran Terran
  • League: Gold

Slither - Winner!

  • Race: Terran Terran
  • League: Gold

VOD

Have the link to the VOD?

Description

Time

  • Played on: Oct. 2, 2016, 7:17 a.m.
  • Length: 8:12
Show
View Real Time Build Order
Export as new Build Order

Nickos Terran 

Build Orders: MMM Bio 

Get SALT Encoding   

  12  0:00  SCV  
  13  0:13  SCV  
  14  0:18  Supply Depot  
  14  0:25  SCV  
  15  0:40  SCV  
  15  0:41  Barracks  
  16  0:52  SCV  
  17  1:04  SCV  
  18  1:16  SCV  
  19  1:22  Command Center  
  19  1:28  Marine  
  20  1:33  Orbital Command  
  20  1:43  Supply Depot  
  20  1:46  Marine  
  21  1:54  Barracks  
  21  1:59  SCV  
  22  2:04  Marine  
  23  2:13  Barracks  
  23  2:18  SCV  
  23  2:22  Marine  
  24  2:28  Refinery  
  24  2:29  Refinery  
  25  2:30  SCV  
  25  2:35  Orbital Command  
  26  2:40  Marine  
  26  2:42  Marine, SCV  
  29  2:54  SCV  
  30  3:02  Barracks Tech Lab  
  30  3:04  Marine x2  
  32  3:06  SCV  
  32  3:08  SCV  
  34  3:18  SCV  
  35  3:20  SCV  
  35  3:22  Stimpack  
  35  3:24  Marine  
  35  3:25  Marine x2  
  39  3:30  SCV  
  39  3:32  SCV  
  41  3:35  Factory  
  41  3:39  Supply Depot  
  41  3:42  SCV  
  41  3:46  Supply Depot, SCV  
  43  3:52  Barracks Reactor  
  43  3:54  Barracks Reactor  
  43  3:55  Marine  
  43  3:57  SCV  
  43  4:00  SCV  
  46  4:11  SCV  
  46  4:12  Engineering Bay, SCV  
  46  4:13  Marine  
  49  4:19  Factory Reactor  
  49  4:21  Starport  
  49  4:24  SCV x2  
  51  4:31  Marine x3  
  51  4:34  Marine x2  
  51  4:36  SCV x2  
  58  4:41  Missile Turret  
  58  4:42  Missile Turret  
  58  4:48  Terran Infantry Weapons Level 1, SCV  
  58  4:49  Marine x2  
  58  4:50  SCV  
  62  5:01  Marine  
  62  5:03  Marine  
  62  5:29  Supply Depot, Marine x5  
  62  5:30  Medivac  
  62  5:33  Supply Depot  
  62  5:35  Supply Depot  
  69  5:39  SCV  
  69  5:40  SCV  
  69  5:42  Combat Shields  
  71  5:46  Medivac  
  73  5:55  Engineering Bay, Marine x3  
  73  5:56  Marine x2  
  78  5:57  SCV x2  
  80  6:09  SCV  
  80  6:11  Armory  
  81  6:13  Marine x2  
  79  6:21  Marine x3  
  80  6:32  SCV x2  
  73  6:33  Command Center  
  73  6:38  Marine x2  
  73  6:39  Medivac x2  
  79  6:40  Marine  
  79  6:44  SCV x2  
  82  6:50  Marine x2  
  84  6:56  Marine x2  
  84  6:57  Marine  
  87  7:07  Marine  
  87  7:14  Marine x3  
  68  7:15  Marine  
  68  7:17  Medivac x2  
  69  7:25  Marine  
  70  7:32  Marine  
  71  7:38  Marine x3  
  71  7:43  Marine  
  75  7:50  Marine  
Show
View Real Time Build Order
Export as new Build Order

Slither Terran - Winner!

Build Orders: 1/1/1, Banshee Rush 

Get SALT Encoding   

  12  0:01  SCV  
  13  0:13  SCV  
  14  0:18  Supply Depot  
  14  0:25  SCV  
  15  0:29  Refinery  
  15  0:40  SCV  
  16  0:46  Barracks  
  16  0:52  SCV  
  17  1:04  SCV  
  18  1:07  Supply Depot  
  18  1:16  SCV  
  19  1:34  Orbital Command  
  19  1:36  Factory  
  19  1:40  Refinery  
  19  1:41  Marine  
  20  2:00  Marine  
  21  2:02  SCV  
  22  2:14  SCV  
  23  2:18  Marine  
  23  2:21  Starport  
  24  2:25  Supply Depot  
  24  2:28  Supply Depot  
  24  2:29  SCV  
  25  2:32  Hellion  
  27  2:39  Marine  
  28  2:47  SCV  
  28  2:51  Engineering Bay  
  29  2:57  Starport Tech Lab  
  29  3:01  Marine  
  29  3:02  Factory Tech Lab  
  30  3:11  Barracks  
  30  3:14  Supply Depot  
  31  3:22  Banshee  
  31  3:26  Barracks Reactor  
  33  3:27  Cloaking Field  
  33  3:37  Siege Tank  
  36  3:45  Barracks  
  36  3:59  Barracks Tech Lab  
  36  4:04  Marine x2  
  38  4:13  Siege Tank  
  38  4:15  Medivac  
  43  4:18  Marine  
  43  4:23  Marine  
  43  4:24  Marine  
  46  4:27  Supply Depot  
  46  4:30  Supply Depot  
  46  4:35  Barracks Reactor  
  46  4:37  Marine  
  47  4:48  Medivac  
  47  4:49  Marine x2  
  51  4:57  Marine  
  52  5:07  Marine x2  
  54  5:24  Marine x2  
  54  5:25  Marine  
  54  5:26  Siege Tank  
  54  5:28  Marine x2  
  58  5:30  Terran Infantry Weapons Level 1  
  59  5:41  Marine x2  
  61  5:43  Marine  
  61  5:45  Stimpack  
  61  5:46  Marine x2  
  64  5:51  Supply Depot  
  64  5:58  Supply Depot  
  64  5:59  Marine x2  
  64  6:03  Marine  
  65  6:32  Marine x2  
  52  6:40  Siege Tank  
  52  6:42  Medivac  
  52  6:43  Medivac  
  52  6:46  Marine x2  
  58  6:49  Marine  
  58  6:50  Marine  
  60  7:03  Marine  
  60  7:04  Marine  
  60  7:08  Marine x2  
  64  7:12  Medivac  
  61  7:21  Marine x2  
  62  7:26  Marine x2  
  62  7:29  Medivac  
  66  7:39  Marine x2  
  66  7:40  Widow Mine  
  66  7:43  Marine  
  66  7:44  Marine  
Tags
 
Composition
MMM Bio
League
GoldGold
Matchup
TvT
Opening
1/1/1
Race
Terran
Replay Pack
Nickos replay
Strategy
Banshee Rush
Add a new tag
Caveats
  • Supply blocks, unpowered buildings, or Contaminate may cause inaccurate times.
  • Supply counts are checked every 10 seconds.